 Dungeon Crawl Stone Soup version 0.31-a0-229-g1fc7ce93e2 (webtiles) character file.

Game seed: 5718357473466378241

1820 qw the Skirmisher (level 8, 0/73 HPs)
             Began as a Minotaur Hexslinger on July 6, 2023.
             Was an Initiate of Okawaru.
             Slain by a two-headed ogre
             ... wielding a +0 giant club
              (22 damage)
             ... on level 6 of the Dungeon.
             The game lasted 00:02:29 (7077 turns).

qw the Skirmisher (Minotaur Hexslinger)             Turns: 7077, Time: 00:02:30

Health: 0/73       AC:  9    Str: 14    XL:     8   Next: 85%
Magic:  8/8        EV: 11    Int: 10    God:    Okawaru [......]
Gold:   30         SH:  0    Dex: 14    Spells: 8/9 levels left

rFire   . . .        h - +0 shortbow
rCold   . . .        (shield currently unavailable)
rNeg    . . .        g - +0 ring mail
rPois   +            (helmet restricted)
rElec   .            (no cloak)
rCorr   .            (no gloves)
SInv    .            (no boots)
Will    .....        c - amulet of faith
Stlth   +            f - +4 ring of protection
HPRegen 0.32/turn    j - ring of poison resistance
MPRegen 0.11/turn

%: faith
@: no status effects
A: horns 2, retaliatory headbutt
a: Renounce Religion


You were on level 6 of the Dungeon.
You worshipped Okawaru.
Okawaru was noncommittal.
You visited 2 branches of the dungeon, and saw 7 of its levels.
You also visited: Sewer.

You collected 218 gold pieces.
You spent 188 gold pieces at shops.


Innate Abilities, Weirdness & Mutations

You have a pair of horns on your head.
You reflexively headbutt those who attack you in melee.


   Skills:
 - Level 7.1 Fighting
 + Level 10.5 Ranged Weapons
 - Level 2.0 Armour
 - Level 3.0 Dodging
 - Level 1.0 Spellcasting
 - Level 2.0 Hexes


You had 8 spell levels left.
You knew the following spells:

 Your Spells              Type           Power      Damage    Failure   Level
a - Slow                  Hex            16%        N/A       30%         1

Your spell library contained the following spells:

 Spells                   Type           Power      Damage    Failure   Level
 Inner Flame              Hex/Fire       2%         N/A       80%         3
 Portal Projectile        Hex/Tloc       4%         N/A       80%         3
 Cause Fear               Hex            2%         N/A       96%         4

Inventory:

Hand Weapons
 h - a +0 shortbow (weapon)
Armour
 g - a +0 ring mail (worn)
 m - a +0 pair of boots
Jewellery
 c - an amulet of faith (around neck)
 f - a +4 ring of protection (left hand)
 i - a ring of ice
 j - a ring of poison resistance (right hand)
Scrolls
 d - a scroll of identify
Potions
 a - 2 potions of haste
 b - 5 potions of curing
 e - 3 potions of enlightenment
 k - a potion of resistance
 l - a potion of mutation {unknown}

Dungeon Overview and Level Annotations

Branches:
Dungeon (6/15)             Temple (1/1) D:6           Sewer (visited)

Altars:
Ashenzari
Cheibriados
Dithmenos
Elyvilon
Fedhas
Gozag
Hepliaklqana
Makhleb
Nemelex Xobeh
Okawaru
Qazlal
Ru
Sif Muna
Trog
Uskayaw
Wu Jian
Xom
Yredelemnul
Zin
The Shining One

Shops:
D:4 *[:*


Message History

Enter note:
Enter note:
Enter note:
Enter note:
Enter note:
Enter note:
Enter note:
Enter note:
Enter note:
Enter note:
Enter note:
Enter note:
Enter note:
Enter note:
Enter note:
Enter note: You shoot an arrow.
The arrow hits the two-headed ogre but does no damage.
You shoot an arrow.
The arrow hits the two-headed ogre but does no damage.
You shoot an arrow.
The arrow hits the two-headed ogre but does no damage.
You shoot an arrow. The arrow hits the two-headed ogre!
The two-headed ogre is lightly wounded.
You shoot an arrow. The arrow hits the two-headed ogre.
The two-headed ogre is lightly wounded.
You shoot an arrow. The arrow hits the two-headed ogre.
The two-headed ogre is moderately wounded.
The two-headed ogre hits you with a +0 giant club!!
The two-headed ogre hits you with a +0 giant club!
You shoot an arrow. The arrow hits the two-headed ogre.
The two-headed ogre is moderately wounded.
The two-headed ogre hits you with a +0 giant club! x2
You shoot an arrow.
The arrow hits the two-headed ogre but does no damage.
The two-headed ogre is moderately wounded.
You shoot an arrow. The arrow hits the two-headed ogre!
The two-headed ogre is heavily wounded.
The two-headed ogre hits you with a +0 giant club!!
You die...

.....#...#....# #.).##....'.....
########'#....#..#...##+##.#.....
..............#..##.###.##.##....
..............#...#.#...##.##.##.
..............#...#.#...#........
..............#..##.#............
..............#..##.#...#..}...}.
......####....#.O.......#........
......#..#....#.@............>...
......#..#....##'##...>.#........
......#..'........#.....#..}...}.
......#..#........#..............
......#..#........#.....#........
......#..#........########.##.##.
......#..###'#..(................
......#..##..#...................
##'####..##..#...................


You could see a two-headed ogre.

Vanquished Creatures
  Grinder (D:4)
  Prince Ribbit (D:5)
  Edmund (D:5)
  An ogre (D:6)
  An ice beast (D:6)
  A black bear (D:6)
  A centaur (D:6)
  Blork the orc (D:6)
  2 phantoms (D:6)
  A kobold brigand (Sewer)
  3 scorpions (D:6)
  A howler monkey (D:5)
  A hound (D:4)
  A jelly (D:6)
  An orc priest (D:5)
  An iguana (D:6)
  An orc wizard (D:6)
  A gnoll bouda (D:6)
  7 gnolls
  8 adders
  2 river rats (Sewer)
  A white imp (D:5)
  3 ufetubi
  4 worms
  2 dart slugs
  13 orcs
  7 ball pythons
  3 endoplasms
  3 giant cockroaches
  8 goblins
  9 hobgoblins
  3 jackals (D:2)
  4 quokkas
  2 bats
  2 frilled lizards
  9 kobolds
  7 rats
118 creatures vanquished.

Notes
Turn   | Place    | Note
-------+----------+-------------------------------------------
     0 | D:1      | qw the Minotaur Hexslinger began the quest for the Orb.
     0 | D:1      | Reached XP level 1. HP: 16/16 MP: 1/1
     0 | D:1      | 0 ||| qw: Version: 0.3-a-46-gb1f654a
     0 | D:1      | 0 ||| qw: Game counter: 1241
     0 | D:1      | 0 ||| qw: Melee chars always use a shield: true
     0 | D:1      | 0 ||| qw: God list: Okawaru
     0 | D:1      | 0 ||| qw: Allow faded altars: false
     0 | D:1      | 0 ||| qw: Do Orc after clearing Dungeon:15 true
     0 | D:1      | 0 ||| qw: Do second Lair branch before Depths: true
     0 | D:1      | 0 ||| qw: Lair rune preference: random
     0 | D:1      | 0 ||| qw: Goals: Normal
     0 | D:1      | 0 ||| PLANNING D:1-11
   140 | D:1      | Reached skill level 3 in Ranged Weapons
   140 | D:1      | Reached XP level 2. HP: 23/23 MP: 2/2
   724 | D:1      | 724 ||| UPGRADING to +0 ring mail.
   734 | D:1      | 734 ||| DROPPING +0 robe.
   735 | D:1      | 735 ||| READING scroll labelled MAUROI BOILIHI.
   736 | D:1      | 736 ||| READING scroll labelled BOTAHOQERPH.
   737 | D:1      | 737 ||| DRINKING 2 cyan potions.
   738 | D:1      | 738 ||| DROPPING scroll of poison.
   739 | D:1      | 739 ||| DROPPING potion of degeneration.
   778 | D:2      | 778 ||| STAIRDANCE
   790 | D:2      | Found a shimmering altar of Xom.
   820 | D:2      | Found a faded altar of an unknown god.
   930 | D:2      | Reached XP level 3. HP: 26/29 MP: 3/3
   987 | D:2      | Reached skill level 4 in Ranged Weapons
  1147 | D:2      | Identified the +1 dagger of Hard Scrabble {spect, rPois
                  | rCorr Int-5 Dex+5}
  1226 | D:2      | Reached skill level 1 in Armour
  1669 | D:2      | 1669 ||| UPGRADING to amulet of faith.
  1674 | D:2      | 1674 ||| UPGRADING to +4 ring of protection.
  1675 | D:2      | 1675 ||| READING scroll labelled JUMAJ BAC LEPS.
  1676 | D:2      | 1676 ||| READING scroll labelled TEPIOL KARO.
  1719 | D:3      | 1719 ||| PLANNING SEWER
  1738 | D:3      | Reached XP level 4. HP: 36/36 MP: 4/4
  2069 | D:3      | Found a glowing drain.
  2070 | D:3      | 2070 ||| UPGRADING to ring of poison resistance.
  2089 | Sewer    | Entered a sewer
  2093 | Sewer    | Reached skill level 5 in Ranged Weapons
  2099 | Sewer    | HP: 6/36 [river rat (8)]
  2100 | Sewer    | 2100 ||| READING scroll of teleportation.
  2256 | Sewer    | Noticed a kobold brigand
  2257 | Sewer    | 2257 ||| Stepping ~*~*~tactically~*~*~ (water).
  2281 | Sewer    | Killed a kobold brigand
  2282 | Sewer    | Reached XP level 5. HP: 16/46 MP: 5/5
  2409 | Sewer    | Found a white marble altar of Elyvilon.
  2522 | D:3      | 2522 ||| PLANNING D:1-11
  2975 | D:4      | Found Qolug's General Store.
  2984 | D:4      | 2984 ||| BUYING potion of heal wounds (65 gold).
  2984 | D:4      | Bought a potion of heal wounds for 65 gold pieces
  2984 | D:4      | 2984 ||| SHOPLISTING potion of mutation (104 gold, have
                  | 49).
  2984 | D:4      | 2984 ||| SHOPLISTING scroll of enchant armour (97 gold,
                  | have 49).
  2984 | D:4      | 2984 ||| BUYING scroll of teleportation (39 gold).
  2984 | D:4      | Bought a scroll of teleportation for 39 gold pieces
  3058 | D:4      | You fall into a shaft and drop 2 floors!
  3082 | D:6      | Noticed a black bear
  3095 | D:6      | HP: 9/46 [black bear (10)]
  3095 | D:6      | Killed a black bear
  3096 | D:6      | Reached skill level 6 in Ranged Weapons
  3096 | D:6      | Reached XP level 6. HP: 10/52 MP: 6/6
  3343 | D:6      | HP: 11/52 [gnoll bouda/+0 club (7)]
  3344 | D:6      | 3344 ||| READING scroll of teleportation.
  3345 | D:6      | 3345 ||| DRINKING potion of heal wounds.
  3362 | D:6      | HP: 12/52 [gnoll/+0 spear[a gnoll bouda] (4)]
  3367 | D:6      | HP: 9/52 [orc/+1 heavy hand axe (4)]
  3385 | D:6      | HP: 13/52 [orc/+0 mace (2)]
  3407 | D:6      | HP: 11/52 [orc wizard/+0 dagger (3)]
  3585 | D:6      | 3585 ||| READING 2 scrolls of identify.
  3585 | D:6      | 3585 ||| IDENTIFYING fuming emerald potion
  3594 | D:5      | Entered Level 5 of the Dungeon
  3673 | D:5      | Reached skill level 7 in Ranged Weapons
  3837 | D:5      | 3837 ||| READING scroll labelled NYIVOCWE NAMN.
  3883 | D:4      | Noticed Grinder
  3892 | D:4      | Paralysed by Grinder for 3 turns
  3911 | D:4      | HP: 11/52 [Grinder (6)]
  3912 | D:4      | 3912 ||| DRINKING potion of heal wounds.
  3921 | D:4      | Paralysed by Grinder for 3 turns
  3931 | D:4      | Killed Grinder
  3932 | D:4      | Reached skill level 8 in Ranged Weapons
  3932 | D:4      | Reached XP level 7. HP: 16/59 MP: 7/7
  4191 | D:4      | Found Izistripp's Book Boutique.
  4347 | D:4      | Found Ohiwon's Assorted Antiques.
  4356 | D:4      | 4356 ||| BUYING potion of curing (63 gold).
  4356 | D:4      | Bought a potion of curing for 63 gold pieces
  4356 | D:4      | 4356 ||| BUYING scroll labelled GALIZO AGEVARY (21 gold).
  4356 | D:4      | Bought a scroll labelled GALIZO AGEVARY for 21 gold pieces
  4356 | D:4      | 4356 ||| SHOPLISTING scroll labelled IGEPSA KABLELU (21
                  | gold, have 12).
  4356 | D:4      | 4356 ||| SHOPLISTING scroll labelled ONUROA TONOSE (21
                  | gold, have 12).
  4356 | D:4      | 4356 ||| SHOPLISTING scroll of identify (42 gold, have 12).
  4617 | D:4      | Found Emetoxa's Antique Armour Boutique.
  4634 | D:4      | 4634 ||| SHOPLISTING glowing ring mail (140 gold, have 12).
  4634 | D:4      | 4634 ||| SHOPLISTING pair of gloves (90 gold, have 12).
  4697 | D:4      | Found a hazy altar of Hepliaklqana.
  4702 | D:4      | 4702 ||| READING scroll labelled GALIZO AGEVARY.
  4703 | D:4      | 4703 ||| READING scroll labelled ULYHUM DEBEM.
  4746 | D:5      | Noticed Prince Ribbit
  4772 | D:5      | Killed Prince Ribbit
  4773 | D:5      | Reached skill level 6 in Fighting
  5183 | D:5      | Noticed Edmund
  5194 | D:5      | HP: 6/63 [Edmund/+2 dire flail of holy wrath (12)]
  5195 | D:5      | 5195 ||| DRINKING potion of heal wounds.
  5199 | D:5      | HP: 15/63 [Edmund/+2 dire flail of holy wrath (5)]
  5204 | D:5      | Killed Edmund
  5205 | D:5      | Reached skill level 9 in Ranged Weapons
  5205 | D:5      | Reached XP level 8. HP: 18/70 MP: 8/8
  5693 | D:5      | 5693 ||| READING scroll labelled IGEPSA KABLELU.
  5694 | D:5      | 5694 ||| READING 2 scrolls of identify.
  5694 | D:5      | 5694 ||| IDENTIFYING emerald potion
  5695 | D:5      | 5695 ||| DROPPING potion of brilliance.
  5767 | D:6      | Noticed Blork the orc
  5789 | D:6      | Killed Blork the orc
  5790 | D:6      | Reached skill level 3 in Dodging
  5974 | D:6      | Found a blossoming altar of Fedhas.
  5988 | D:6      | HP: 17/70 [centaur/arrow (7)]
  6230 | D:6      | 6230 ||| SWAPPING to +0 shortbow.
  6231 | D:6      | 6231 ||| DROPPING +1 sling of flaming.
  6603 | D:6      | Reached skill level 10 in Ranged Weapons
  6603 | D:6      | Found a staircase to the Ecumenical Temple.
  6604 | D:6      | 6604 ||| PLANNING TEMPLE
  6612 | Temple   | Entered the Ecumenical Temple
  6618 | Temple   | 6618 ||| PLANNING OKAWARU WORSHIP
  6726 | Temple   | Became a worshipper of Warmaster Okawaru
  6727 | Temple   | 6727 ||| PLANNING D:1-11
  7068 | D:6      | Noticed a two-headed ogre
  7077 | D:6      | Slain by a two-headed ogre

Levels and vault maps discovered:
D:1:      onia_arrival_mini_spirals, layout_basic, minmay_misc_feat_four_crosses
D:2:      layout_basic, hellmonk_ecumenical_altar_blasted, basic_altar,
          nicolae_figureground_sparkle
D:3:      layout_basic, cheibrodos_sewer_entry_drain
D:4:      layout_basic, lemuel_coloured_pillars_altar, serial_shops,
          nicolae_shop_tiny_statue_garden, nicolae_shop_crystal,
          nicolae_shop_window_shopping, nicolae_shop_dealshenge, uniq_grinder
D:5:      layout_loops_corners, uniq_prince_ribbit1, uniq_edmund
D:6:      minmay_general_purpose_star, layout_gridville,
          fedhas_bush_and_centaur_altar, minmay_temple_entry_large_hall,
          uniq_blork_the_orc
Temple:   compressed_dpeg_circular_temple

Skill      XL: |  1  2  3  4  5  6  7  8 |
---------------+-------------------------+-----
Ranged Weapons | 3 4 5 6 8 9 10 | 10.5
Fighting       | 2 4 6 7 |  7.1
Armour         | 1 2 |  2.0
Dodging        | 3 |  3.0
Spellcasting   | |  1.0
Hexes          | |  2.0

Action                     |  1- 3 |  4- 6 |  7- 9 || total
---------------------------+-------+-------+-------++-------
   Fire: Sling             |   134 |   270 |   156 ||   560
         Shortbow          |       |       |    81 ||    81
    Use: Scroll            |     4 |     4 |     4 ||    12
         Potion            |     1 |     2 |     1 ||     4
 Armour: Robe              |     1 |       |       ||     1
         Ring mail         |    18 |    80 |    47 ||   145
  Dodge: Dodged            |    27 |   122 |    66 ||   215

Table legend:
 A = Non-vault XP
 B = Vault XP
 C = Vault XP percentage of total XP
 D = Non-vault monster count
 E = Vault monster count
 F = Vault count percentage of total count
                 A         B        C        D         E       F
            +---------+---------+-------+---------+---------+-------
      Total |    1464 |    1137 |  43.7 |      96 |      22 |  18.6
            +---------+---------+-------+---------+---------+-------
        D:1 |      32 |       0 |   0.0 |      18 |       0 |   0.0
        D:2 |      63 |       0 |   0.0 |      21 |       0 |   0.0
        D:3 |      51 |      11 |  17.7 |       9 |       3 |  25.0
        D:4 |      89 |     290 |  76.5 |      13 |       1 |   7.1
        D:5 |     188 |     440 |  70.1 |      13 |       2 |  13.3
        D:6 |    1041 |     263 |  20.2 |      22 |       4 |  15.4
      Sewer |       0 |     133 | 100.0 |       0 |      12 | 100.0
            +---------+---------+-------+---------+---------+-------
